 Dungeon Crawl Stone Soup version 0.23-a0-356-g1757c6e (webtiles) character file.

11960 tilp the Impaler (level 11, -8/84 HPs)
             Began as a Merfolk Ice Elementalist on Oct 21, 2018.
             Was an Elder of Makhleb.
             Mangled by a minotaur
             ... wielding an uncursed staff of power
              (23 damage)
             ... in a labyrinth.
             The game lasted 00:51:27 (13021 turns).

tilp the Impaler (Merfolk Ice Elementalist)        Turns: 13021, Time: 00:51:28

Health: -8/84      AC: 14    Str: 17    XL:     11   Next: 85%
Magic:  21/29      EV: 22    Int: 17    God:    Makhleb [****..]
Gold:   1377       SH:  0    Dex: 21    Spells: 4/22 levels left

rFire    + . .     SeeInvis .   H - +7 quarterstaff "Keahenk" {freeze, rN+ Str+9 Stlth+}
rCold    . . .     Gourm    .   (shield currently unavailable)
rNeg     + . .     Faith    .   p - +0 robe
rPois    .         Spirit   .   x - +1 helmet
rElec    .         Reflect  .   e - +1 cloak
rCorr    .         Harm     .   (no gloves)
MR       .....                  j - +1 pair of boots
Stlth    ++++......             m - amulet of regeneration
HPRegen  0.64/turn              o - ring of magical power
MPRegen  0.21/turn              F - ring of protection from fire

@: agile, lethally poisoned (-8 -> -8), icy armour, very slightly contaminated,
invisible
A: change form in water, swift swim, stealthy swim
a: Minor Destruction, Lesser Servant of Makhleb, Major Destruction, Renounce
Religion


You were in a labyrinth.
You worshipped Makhleb.
Makhleb was greatly pleased with you.
You were very hungry.

You visited 4 branches of the dungeon, and saw 14 of its levels.
You also visited: Labyrinth and Bailey.

You collected 1572 gold pieces.
You spent 195 gold pieces at shops.

Inventory:

Hand Weapons
 a - a +1 halberd
 b - a +2 dagger of speed
 G - a +3 trident of freezing
 H - the +7 quarterstaff "Keahenk" (weapon) {freeze, rN+ Str+9 Stlth+}
   (You took it off an orc on level 8 of the Dungeon)

   It has been specially enchanted to freeze those struck by it, causing extra
   injury to most foes and up to half again as much damage against particularly
   susceptible opponents.
   It can also slow down cold-blooded creatures.
   It affects your strength (+9).
   It protects you from negative energy.
   It makes you more stealthy.
Missiles
 i - 55 tomahawks of returning (quivered)
Armour
 e - a +1 cloak (worn)
 j - a +1 pair of boots (worn)
 p - a +0 robe (worn)
 x - a +1 helmet (worn)
Jewellery
 m - an amulet of regeneration (around neck)
 o - a ring of magical power (left hand)
 F - a ring of protection from fire (right hand)
 I - an uncursed ring of stealth
Wands
 l - a wand of acid (21)
 u - a wand of polymorph (10)
 B - a wand of flame (56)
 C - a wand of enslavement (31)
 K - a wand of clouds (3)
Scrolls
 r - 8 scrolls of remove curse
 t - 5 scrolls of amnesia
 v - 2 scrolls of identify
 w - a scroll of blinking
 y - a scroll of holy word {unknown}
 E - 2 scrolls of enchant weapon
 J - 2 scrolls of magic mapping
Potions
 d - a potion of invisibility
 f - 3 potions of curing
 g - 2 potions of brilliance
 h - 3 potions of mutation
 n - 2 potions of flight
 q - 2 potions of cancellation
 z - a potion of haste
 D - a potion of berserk rage
Miscellaneous
 s - a fan of gales
Comestibles
 c - 28 rations


   Skills:
 + Level 7.4 Fighting
 - Level 16.0 Polearms
 - Level 6.4 Dodging
 - Level 2.1 Stealth
 - Level 6.0 Spellcasting
 - Level 2.0 Conjurations
 - Level 4.1 Charms
 - Level 6.0 Ice Magic
 - Level 5.0 Invocations
 - Level 5.0 Evocations


You had 4 spell levels left.
You knew the following spells:

 Your Spells              Type           Power        Failure   Level  Hunger
a - Freeze                Ice            ####         1%          1    None
b - Throw Frost           Conj/Ice       ###...       3%          2    None
c - Ozocubu's Armour      Chrm/Ice       ###.....     4%          3    ##.....
d - Throw Icicle          Conj/Ice       ###.....     24%         4    ####...
e - Summon Small Mammal   Summ           #...         13%         1    None
f - Conjure Flame         Conj/Fire      #.......     26%         3    ##.....
g - Blink                 Tloc           N/A          19%         2    None
h - Slow                  Hex            #.......     19%         2    None

Your spell library contained the following spells:

 Spells                   Type           Power        Failure   Level  Hunger
 Magic Dart               Conj           ##..         5%          1    None
 Call Imp                 Summ           #.......     19%         2    None
 Mephitic Cloud           Conj/Pois/Air  #.......     28%         3    ##.....
 Call Canine Familiar     Summ           #.......     36%         3    ##.....
 Summon Guardian Golem    Hex/Summ       #.......     36%         3    ##.....
 Summon Ice Beast         Ice/Summ       ###.....     36%         4    ####...
 Cause Fear               Hex            #.........   77%         4    ####...
 Summon Lightning Spire   Summ/Air       #.......     77%         4    ####...
 Silence                  Hex/Air        #.........   98%         5    #####..
 Yara's Violent Unravell  Hex/Tmut       #.........   98%         5    #####..
 Deflect Missiles         Chrm/Air       ##........   100%        6    #######
 Discord                  Hex            #.........   100%        8    #######


Dungeon Overview and Level Annotations

Branches:
Dungeon (11/15)            Temple (1/1) D:4            Lair (1/6) D:8
    Orc (1/2) D:10

Altars:
Ashenzari
Cheibriados
Dithmenos
Elyvilon
Fedhas
Gozag
Hepliaklqana
Kikubaaqudgha
Makhleb
Nemelex Xobeh
Okawaru
Qazlal
Ru
Sif Muna
Trog
Uskayaw
Wu Jian
Xom
Yredelemnul
Zin
The Shining One

Shops:
Orc:1 *

Annotations:
D:3 1 runed door, Grinder
D:7 exclusion: hungry ghost, Joseph, Prince Ribbit
D:10 exclusion: two-headed ogre
Orc:1 orc knight by stairs!


Message History

Confirm with . or Enter, or press ? or * to list all spells.
A film of ice covers your body!
The minotaur hits you with an uncursed staff of power.
The minotaur gores you but does no damage.
You catch the helpless minotaur completely off-guard!
You sock the minotaur! You freeze the minotaur.
The minotaur is severely wounded.
You feel sick.
The minotaur hits you with an uncursed staff of power.
The minotaur gores you.
You hit the minotaur. You freeze the minotaur.
The minotaur is severely wounded.
The minotaur hits you with an uncursed staff of power!
* * * LOW HITPOINT WARNING * * *
The minotaur closely misses you.
You hit the minotaur. You freeze the minotaur.
The minotaur is severely wounded.
You feel sick.
The minotaur hits you with an uncursed staff of power!!
You die...

## ###.##
####### . . #
.... . ... .
# # . .###
##.## ####. .
. .#.#. ....
. # #######.
... .. ## .
...#######..
. ###
#.#≈≈≈#.#..#
.
..#≈≈H#.#..#
# .
#≈<.@.(..# #
. #≈≈.#(#..#
#
#..#≈≈(#.#..#
#. #######..#
. ..## #. . .


You could see a minotaur.

Vanquished Creatures
  A hydra (D:11)
  A two-headed ogre (D:11)
  An orc knight (Bailey)
  An ugly thing (D:11)
  2 komodo dragons
  A troll (D:8)
  2 hippogriffs
  A shadow (D:11)
  6 yaks (D:10)
  Grum (D:9)
  A warg (Orc:1)
  A water moccasin (D:9)
  2 ice beasts
  A porcupine (Lair:1)
  2 phantoms
  A hornet zombie (D:8)
  2 sky beasts
  9 ogres
  9 orc warriors
  3 centaurs
  11 wolves
  A crocodile (D:7)
  6 bullfrogs
  2 big kobolds
  2 wyvern skeletons
  4 scorpions
  11 killer bees (D:10)
  4 wights (D:8)
  An electric eel (D:8)
  A howler monkey (D:9)
  4 crimson imps
  2 centaur zombies
  A quasit (D:8)
  A bullfrog zombie (D:6)
  8 orc priests
  A jelly (D:11)
  7 hounds
  2 centaur skeletons
  A bullfrog skeleton (D:9)
  An iguana (D:10)
  6 orc wizards
  6 worker ants
  A killer bee zombie (D:9)
  A hound skeleton (D:5)
  2 hound zombies
  2 worker ant zombies
  12 gnolls
  13 adders
  3 shadow imps
  An ooze (D:4)
  2 adder skeletons
  2 worms
  3 dart slugs
  13 leopard geckos
  39 orcs
  4 giant cockroaches
  13 goblins
  10 hobgoblins
  20 jackals
  9 quokkas
  5 ball pythons
  2 bats (D:2)
  7 frilled lizards
  A jackal skeleton (D:6)
  33 kobolds
  4 rats
  A fungus (D:3)
334 creatures vanquished.

Vanquished Creatures (collateral kills)
  A two-headed ogre (D:11)
  A gargoyle (D:11)
  2 kobolds (D:7)
4 creatures vanquished.

Grand Total: 338 creatures vanquished

Notes
Turn   | Place    | Note
-------+----------+-------------------------------------------
     0 | D:1      | tilp the Merfolk Ice Elementalist began the quest for the
                  | Orb.
     0 | D:1      | Reached XP level 1. HP: 13/13 MP: 3/3
   319 | D:1      | Reached XP level 2. HP: 19/19 MP: 1/5
   735 | D:1      | Reached XP level 3. HP: 19/24 MP: 3/6
   753 | D:1      | Learned a level 2 spell: Throw Frost
   757 | D:1      | Learned a level 3 spell: Ozocubu's Armour
  1165 | D:2      | Reached skill level 5 in Ice Magic
  1321 | D:2      | Reached XP level 4. HP: 30/30 MP: 7/7
  1638 | D:2      | Reached XP level 5. HP: 23/36 MP: 1/8
  1703 | D:2      | Reached skill level 1 in Fighting
  2128 | D:3      | Found a faded altar of an unknown god.
  2153 | D:3      | Noticed Grinder
  2313 | D:3      | Found a runed door.
  2462 | D:3      | Reached XP level 6. HP: 47/47 MP: 9/9
  3284 | D:4      | Found a deep blue altar of Sif Muna.
  3335 | D:4      | Reached skill level 5 in Dodging
  3465 | D:4      | Reached XP level 7. HP: 50/54 MP: 10/10
  3663 | D:4      | Found a staircase to the Ecumenical Temple.
  3767 | Temple   | Entered the Ecumenical Temple
  3860 | Temple   | Became a worshipper of Makhleb the Destroyer
  3961 | D:4      | Reached skill level 1 in Conjurations
  3961 | D:4      | Reached skill level 1 in Charms
  4009 | D:5      | Entered Level 5 of the Dungeon
  4331 | D:5      | Reached * piety under Makhleb
  4331 | D:5      | Reached XP level 8. HP: 49/60 MP: 1/13
  5687 | D:6      | Reached skill level 5 in Spellcasting
  6012 | D:7      | Noticed Joseph
  6352 | D:7      | Noticed Prince Ribbit
  6429 | D:7      | Reached skill level 1 in Polearms
  6429 | D:7      | Reached XP level 9. HP: 65/65 MP: 18/18
  6437 | D:7      | Reached ** piety under Makhleb
  6437 | D:7      | Reached skill level 2 in Polearms
  6437 | D:7      | Reached skill level 1 in Invocations
  6444 | D:7      | Reached skill level 1 in Evocations
  6559 | D:7      | Reached skill level 3 in Polearms
  6583 | D:7      | Reached skill level 4 in Polearms
  6895 | D:7      | Reached skill level 5 in Polearms
  7197 | D:8      | Learned a level 4 spell: Throw Icicle
  7199 | D:8      | Learned a level 1 spell: Summon Small Mammal
  7229 | D:8      | Reached skill level 6 in Polearms
  7298 | D:8      | Noticed a komodo dragon
  7312 | D:8      | Killed a komodo dragon
  7380 | D:8      | Identified the +7 quarterstaff "Keahenk" {freeze, rN+ Str+9
                  | Stlth+}
  7424 | D:8      | Reached skill level 7 in Polearms
  7483 | D:8      | Reached skill level 8 in Polearms
  7510 | D:8      | Reached XP level 10. HP: 70/71 MP: 17/19
  7514 | D:8      | Reached *** piety under Makhleb
  7638 | D:8      | Found a staircase to the Lair.
  7820 | D:8      | Reached skill level 9 in Polearms
  8308 | D:9      | Reached skill level 5 in Invocations
  8393 | D:9      | Found a flagged portal.
  8469 | Bailey   | Entered a bailey
  8706 | Bailey   | Reached skill level 10 in Polearms
  8753 | Bailey   | Noticed an orc knight
  8775 | Bailey   | Reached skill level 5 in Evocations
  8825 | Bailey   | Reached **** piety under Makhleb
  8901 | Bailey   | Killed an orc knight
  8901 | Bailey   | Reached skill level 11 in Polearms
  9257 | D:9      | Learned a level 3 spell: Conjure Flame
  9260 | D:9      | Learned a level 2 spell: Blink
  9263 | D:9      | Learned a level 2 spell: Slow
  9343 | D:9      | Found a stormy altar of Qazlal.
  9389 | D:9      | Reached skill level 12 in Polearms
  9493 | D:9      | Noticed Grum
  9766 | D:9      | Killed Grum
 10172 | D:10     | Entered Level 10 of the Dungeon
 10179 | D:10     | Reached skill level 13 in Polearms
 10377 | D:10     | Noticed a two-headed ogre
 10397 | D:10     | Reached XP level 11. HP: 58/78 MP: 20/20
 10453 | D:10     | Found a staircase to the Orcish Mines.
 10606 | D:10     | Reached skill level 5 in Fighting
 10869 | D:10     | Reached skill level 14 in Polearms
 11251 | Orc:1    | Entered Level 1 of the Orcish Mines
 11288 | Orc:1    | Found Wuekuizu's Assorted Antiques.
 11298 | Orc:1    | Bought a scroll of enchant armour for 195 gold pieces
 11397 | Orc:1    | Noticed an orc knight
 11684 | D:11     | Noticed a four-headed hydra
 11840 | D:11     | Noticed a red ugly thing
 11858 | D:11     | Killed a green ugly thing
 11979 | D:11     | Noticed a two-headed ogre
 12018 | D:11     | Killed a two-headed ogre
 12018 | D:11     | Reached skill level 15 in Polearms
 12309 | D:11     | Found a shadowy altar of Dithmenos.
 12397 | D:11     | Killed a four-headed hydra
 12504 | D:11     | Noticed a two-headed ogre
 12513 | D:11     | Killed a two-headed ogre
 12652 | Lair:1   | Entered Level 1 of the Lair of Beasts
 12673 | D:8      | Reached skill level 16 in Polearms
 12736 | Lair:1   | Found a labyrinth entrance.
 12745 | Lab      | Entered a labyrinth
 12997 | Lab      | Noticed a minotaur
 13021 | Lab      | Mangled by a minotaur

Vault maps used:
D:1:      psy_arrival_radial02, minmay_split_cup_small
D:3:      chequers_ecumenical_altar_simple, uniq_grinder,
          uniq_crazy_yiuf_cottage
D:4:      minmay_temple_entry_large_hall, led_sif_pool
D:5:      first_ration, minmay_misc_feat_secret_circle, dk_noncrumbling_4
D:7:      marbit_many_paths, uniq_joseph, uniq_prince_ribbit1
D:8:      erik_lair_island, minmay_misc_feat_x, grunt_ogre_cave,
          grunt_ministairs_11, chequers_decorated_corner, minmay_small_thing
D:9:      enter_bailey_3, grunt_qazlal_sundering, uniq_grum
D:10:     orc_0_dummy
D:11:     nicolae_dithmenos_shadow_blocks
Temple:   kilobyte_greek_temple
Lair:1:   lab_entry_generic
Orc:1:    serial_shops, nicolae_shop_statue_plus, basic_altar
Lab:      labyrinth_watery, lab_hedge, labyrinth_glass_1, lab_block,
          labyrinth_fake_exit, nicolae_lab_plus
Bailey:   bailey_axe_1, bailey

Skill      XL: |  1  2  3  4  5  6  7  8  9 10 11 |
---------------+----------------------------------+-----
Ice Magic      | 4 5 6 |  6.0
Fighting       | 3 4 7 |  7.4
Dodging        | 5 6 |  6.4
Conjurations   | 1 2 |  2.0
Charms         | 2 4 |  4.1
Spellcasting   | 3 6 |  6.0
Polearms       | 1 8 13 16 | 16.0
Invocations    | 4 5 |  5.0
Evocations     | 3 5 |  5.0
Stealth        | |  2.1

Action                   |  1- 3 |  4- 6 |  7- 9 | 10-12 || total
-------------------------+-------+-------+-------+-------++-------
Melee: Short sword       |    32 |    12 |   109 |       ||   153
       Halberd           |       |     8 |    47 |       ||    55
       Quarterstaff      |       |       |    45 |   384 ||   429
       Trident           |       |       |       |    39 ||    39
Throw: Stone             |     1 |       |       |     1 ||     2
       Tomahawk          |       |       |       |     2 ||     2
 Cast: Freeze            |    48 |    84 |   178 |    64 ||   374
       Ozocubu's Armour  |       |     5 |    17 |    37 ||    59
       Throw Frost       |       |    32 |    46 |    48 ||   126
       Throw Icicle      |       |       |       |     8 ||     8
       Conjure Flame     |       |       |       |     1 ||     1
Invok: Lesser Servant of |       |       |       |     3 ||     3
Evoke: Wand              |       |       |     1 |       ||     1
  Use: Scroll            |       |     4 |     8 |    15 ||    27
       Potion            |       |       |     2 |     4 ||     6
 Stab: Sleeping          |     4 |     3 |     5 |     6 ||    18
       Distracted        |       |       |       |     1 ||     1
       Invisible         |       |       |       |     1 ||     1
  Eat: Chunk             |     2 |    11 |    16 |    18 ||    47
       Ration            |       |       |       |     1 ||     1
Armor: Robe              |    10 |    11 |    66 |   116 ||   203
Dodge: Dodged            |    38 |    64 |   288 |   415 ||   805

Table legend:
 A = Non-vault XP
 B = Vault XP
 C = Vault XP percentage of total XP
 D = Non-vault monster count
 E = Vault monster count
 F = Vault count percentage of total count
                 A         B        C        D         E       F
            +---------+---------+-------+---------+---------+-------
      Total |   13967 |    3120 |  18.3 |     285 |      52 |  15.4
            +---------+---------+-------+---------+---------+-------
        D:1 |      33 |       5 |  13.2 |      19 |       3 |  13.6
        D:2 |     239 |       0 |   0.0 |      42 |       0 |   0.0
        D:3 |     150 |       0 |   0.0 |      18 |       0 |   0.0
        D:4 |     526 |       0 |   0.0 |      18 |       0 |   0.0
        D:5 |     385 |       0 |   0.0 |      24 |       0 |   0.0
        D:6 |     513 |       0 |   0.0 |      14 |       0 |   0.0
        D:7 |    1402 |       0 |   0.0 |      34 |       0 |   0.0
        D:8 |    1283 |    1385 |  51.9 |      29 |      10 |  25.6
        D:9 |    1476 |     439 |  22.9 |      26 |       7 |  21.2
       D:10 |    2977 |       0 |   0.0 |      28 |       0 |   0.0
       D:11 |    4288 |       0 |   0.0 |      24 |       0 |   0.0
     Lair:1 |     371 |       0 |   0.0 |       3 |       0 |   0.0
      Orc:1 |     324 |       0 |   0.0 |       6 |       0 |   0.0
     Bailey |       0 |    1291 | 100.0 |       0 |      32 | 100.0
            +---------+---------+-------+---------+---------+-------
